 Dungeon Crawl Stone Soup version 0.30-a0-6-g7c9e10e132 (webtiles) character file.

Game seed: 7849783161964383235

86 Setbun the Cudgeller (level 4, -1/39 HPs)
             Began as a Minotaur Fighter on Aug 22, 2022.
             Slain by an orc
             ... wielding a +0 short sword
              (4 damage)
             ... on level 3 of the Dungeon.
             The game lasted 00:01:28 (1709 turns).

Setbun the Cudgeller (Minotaur Fighter)             Turns: 1709, Time: 00:01:28

Health: -1/39      AC: 10    Str: 22    XL:     4   Next: 27%
Magic:  3/3        EV:  7    Int:  5    God:
Gold:   111        SH:  0    Dex: 10    Spells: 3/3 levels left

rFire   . . .      SeeInvis .    a - +0 flail
rCold   . . .      Faith    .    s - orb {mayhem}
rNeg    . . .      Spirit   .    q - +0 chain mail
rPois   .          Reflect  .    (helmet restricted)
rElec   .          Harm     .    m - +0 cloak
rCorr   .          Rampage  .    (no gloves)
Will    .....                    (no boots)
Stlth   ..........               (no amulet)
HPRegen 0.13/turn                (no ring)
MPRegen 0.08/turn                (no ring)

@: no status effects
A: horns 2, retaliatory headbutt
a: no special abilities


You were on level 3 of the Dungeon.
You visited 1 branch of the dungeon, and saw 3 of its levels.

You collected 111 gold pieces.

Inventory:

Hand Weapons
 a - a +0 flail (weapon)
Armour
 b - a +0 scale mail
 c - a +0 buckler
 m - a +0 cloak (worn)
 q - a +0 chain mail (worn)
 s - an orb of mayhem (worn)
Jewellery
 u - a +6 ring of dexterity
Scrolls
 f - a scroll of fear {unknown}
 g - 2 scrolls of blinking {unknown}
 h - a scroll of acquirement {unknown}
 i - a scroll of teleportation {unknown}
 j - a scroll of poison {unknown}
 n - a scroll of amnesia {unknown}
 o - a scroll of identify {unknown}
Potions
 d - a potion of might
 e - 2 potions of berserk rage {unknown}
 k - a potion of attraction {unknown}
 l - a potion of flight {unknown}
 p - 2 potions of degeneration {unknown}
 r - a potion of lignification {unknown}
 t - a potion of heal wounds {unknown}
 v - a potion of magic {unknown}


   Skills:
 - Level 3.6 Fighting
 * Level 5.5 Maces & Flails
 - Level 3.6 Armour
 - Level 3.6 Shields


You had 3 spell levels left.
You didn't know any spells.
Your spell library was empty.

Dungeon Overview and Level Annotations

Branches:
Dungeon (3/15)

Altars:


Innate Abilities, Weirdness & Mutations

You have a pair of horns on your head.
You reflexively headbutt those who attack you in melee.


Message History

You are too injured to fight recklessly!
Unknown command.
You closely miss the orc wizard. Your headbutt misses the orc wizard.
The orc wizard is lightly wounded.
The bat hits you but does no damage. The orc hits you but does no damage.
The orc misses you. The orc hits you but does no damage.
You closely miss the orc. The bat hits you but does no damage. x2
The orc hits you but does no damage.
The orc wizard hits you with a +0 dagger.
The orc barely misses you.
You hit the orc wizard but do no damage.
Your headbutt misses the orc wizard.
The orc wizard is lightly wounded.
The bat closely misses you. The orc hits you but does no damage.
The orc wizard hits you with a +0 dagger.
* * * LOW HITPOINT WARNING * * *
The orc closely misses you.
You sock the orc wizard! Your headbutt misses the orc wizard.
The orc wizard is severely wounded.
The bat hits you.
* * * LOW HITPOINT WARNING * * *
The orc hits you but does no damage. The orc barely misses you.
The orc wizard hits you but does no damage.
The orc hits you but does no damage. The bat hits you but does no damage.
You sock the orc wizard!
You kill the orc wizard!
The bat flies into a frenzy!
The bat hits the orc.
The bat hits the orc but does no damage.
The orc completely misses you.
The orc hits you with a +1 short sword of protection.
* * * LOW HITPOINT WARNING * * *
The orc barely misses you. The bat barely misses you.
You have reached level 4!
You feel agile.
Unknown command.
You barely miss the orc.
The orc is lightly wounded.
The bat hits you but does no damage. The orc hits you but does no damage.
The orc hits you with a +0 short sword.
You die...

## . ?#### ....
################.###
...................# <
######....#####....##...
..# #....# #o)o......
..# #....# #.@o###...
..# #....# #..b......
...# ###### #.........
##.# #......#.. ...
#......# . ### #......#
#......# #.......


You could see 3 orcs and a neutral bat (fast, strong, insane).

Vanquished Creatures
  An orc wizard (D:3)
  2 adders
  A worm (D:2)
  A dart slug (D:1)
  6 ball pythons
  4 bats
  An endoplasm (D:1)
  7 goblins
  2 hobgoblins
  4 jackals (D:1)
  A quokka (D:2)
  3 frilled lizards
  2 kobolds
  2 rats
37 creatures vanquished.

Notes
Turn   | Place    | Note
-------+----------+-------------------------------------------
     0 | D:1      | Setbun the Minotaur Fighter began the quest for the Orb.
     0 | D:1      | Reached XP level 1. HP: 19/19 MP: 0/0
   158 | D:1      | Reached skill level 3 in Maces & Flails
   251 | D:1      | Reached XP level 2. HP: 21/26 MP: 1/1
   376 | D:1      | Found a faded altar of an unknown god.
   474 | D:1      | Reached skill level 4 in Maces & Flails
  1006 | D:2      | Reached XP level 3. HP: 31/31 MP: 2/2
  1623 | D:3      | Reached skill level 5 in Maces & Flails
  1709 | D:3      | Reached XP level 4. HP: 3/39 MP: 3/3
  1709 | D:3      | Slain by an orc

Illustrated notes

Levels and vault maps discovered:
D:1:      lightli_arrival_boilingwater, layout_basic,
          hellmonk_ecumenical_altar_heavens_door
D:2:      layout_basic, dk_noncrumbling_4
D:3:      layout_basic, mainiacjoe_overflow_chevrons, minmay_distorted,
          uniq_terence

Skill      XL: |  1  2  3 |
---------------+----------+-----
Maces & Flails | 3 4 5 |  5.5
Fighting       | |  3.6
Armour         | |  3.6
Shields        | |  3.6

Action                   |  1- 3 |  4- 6 || total
-------------------------+-------+-------++-------
Melee: Flail             |    84 |     1 ||    85
       Headbutt          |    12 |       ||    12
Armor: Scale mail        |    31 |       ||    31
       Chain mail        |    25 |     2 ||    27
Dodge: Dodged            |    58 |       ||    58
Block: Buckler           |    11 |       ||    11

Table legend: (Time is in decaauts)
 A = Elapsed time spent in this place.
 B = Non-inter-level travel time spent in this place.
 C = Inter-level travel time spent in this place.
 D = Time resting spent in this place.
 E = Time spent auto-exploring this place.
 F = Levels seen in this place.
 G = Mean time per level.
                   A        B        C        D        E       F      G
               +--------+--------+--------+--------+--------+-----+--------+
         Total |   1735 |   1673 |     62 |      0 |   1410 |   3 |  578.3 |
       Dungeon |   1735 |   1673 |     62 |      0 |   1410 |   3 |  578.3 |
               +--------+--------+--------+--------+--------+-----+--------+

Top non-repeatable levels by time:
     D:1: 885 daAuts
     D:2: 699 daAuts
     D:3: 150 daAuts
